 Dungeon Crawl Stone Soup version 0.29.1-15-g9cfb28693d (webtiles) character file.

Game seed: 13585342545176235184

158 Gabide the Trooper (level 5, -2/47 HPs)
             Began as a Draconian Monk on Mar 8, 2023.
             Killed by nerve-wracking pain
             ... invoked by Grinder
              (11 damage)
             ... on level 3 of the Dungeon.
             The game lasted 00:04:57 (4241 turns).

Gabide the Trooper (Draconian Monk)                 Turns: 4241, Time: 00:04:57

Health: -2/47      AC:  6    Str: 15    XL:     5   Next: 16%
Magic:  5/5        EV: 13    Int: 10    God:
Gold:   88         SH:  0    Dex: 14    Spells: 4/4 levels left

rFire   . . .      SeeInvis .   a - +2 dagger (venom)
rCold   . . .      Faith    .   (no shield)
rNeg    . . .      Spirit   .   (body armour unavailable)
rPois   .          Reflect  .   (helmet restricted)
rElec   .          Harm     .   c - +0 cloak {Will+}
rCorr   .          Rampage  .   (no gloves)
Will    +....                   (no boots)
Stlth   ++........              (no amulet)
HPRegen 0.15/turn               (no ring)
MPRegen 0.09/turn               (no ring)

@: mighty
A: AC +5, unfitting armour, cold-blooded
a: no special abilities


You were on level 3 of the Dungeon.
You visited 1 branch of the dungeon, and saw 3 of its levels.

You collected 88 gold pieces.

Inventory:

Hand Weapons
 a - a +2 dagger of venom (weapon)
Armour
 c - a +0 cloak of willpower (worn)
Jewellery
 m - a ring of fire
Potions
 b - a potion of brilliance
 d - a potion of resistance {unknown}
 e - a potion of mutation {unknown}
 h - 2 potions of flight
 l - a potion of lignification {unknown}


   Skills:
 * Level 4.9 Fighting
 + Level 3.3 Dodging
 - Level 1.7 Stealth
 * Level 4.3 Unarmed Combat


You had 4 spell levels left.
You didn't know any spells.
Your spell library contained the following spells:

 Spells                   Type           Power      Damage    Failure   Level
 Necrotise                Necr           0%         1d4       36%         1
 Sandblast                Erth           0%         2d4       36%         1
 Passwall                 Tmut/Erth      0%         N/A       50%         2
 Stone Arrow              Conj/Erth      0%         3d7       75%         3
 Vampiric Draining        Necr           0%         2d6       75%         3
 Agony                    Necr           0%         N/A       100%        5
 Blade Hands              Tmut           0%         N/A       100%        5
 Iron Shot                Conj/Erth      0%         9d1       100%        6
 Animate Armour           Summ/Erth      Unusable   N/A       N/A         4

Dungeon Overview and Level Annotations

Branches:
Dungeon (3/15)

Altars:

Shops:
D:1 !

Annotations:
D:3 Grinder


Innate Abilities, Weirdness & Mutations

Your plain brown scales are hard. (AC +5)
You cannot fit into any form of body armour.
You are cold-blooded and may be slowed by cold attacks.


Message History

Grinder is lightly wounded.
Grinder hits you.
You writhe in agony.
You closely miss Grinder.
Grinder is lightly wounded.
Grinder hits you.
You writhe in agony.
You hit Grinder.
Grinder is moderately wounded.
Grinder gestures at you. Pain shoots through your body!
* * * LOW HITPOINT WARNING * * *
Press: ? - help, v - describe, . - travel
Here: Grinder (moderately wounded)
The floor.
Unknown command.
You feel better. Grinder barely misses you.
You aren't carrying any items that you can evoke.
It was a potion of might.
You feel very mighty all of a sudden. Grinder gestures at you.
Pain shoots through your body!
* * * LOW HITPOINT WARNING * * *
You feel better. Grinder closely misses you.
You closely miss Grinder.
Grinder is moderately wounded.
Grinder gestures at you. You resist with almost no effort.
You hit Grinder.
Grinder is poisoned.
Grinder is moderately wounded.
Grinder hits you!
* * * LOW HITPOINT WARNING * * *
You writhe in agony.
* * * LOW HITPOINT WARNING * * *
You barely miss Grinder.
Your tail-slap misses Grinder.
Grinder is moderately wounded.
Grinder hits you but does no damage.
You puncture Grinder!
Grinder is heavily wounded.
Grinder gestures at you. Pain shoots through your body!
You die...

#.....####....#
#..
#..####.#.###.#
#.. #.. #.#†##
.# ### #..
##.#.# .#
#..###.#.####.#
#.....####....#
#.....# ....#
#.....####5...#
#........@....#
#.......#######
#########


You could see Grinder (very poisoned).

Vanquished Creatures
  Crazy Yiuf (D:2)
  Robin (D:2)
  4 adders
  2 dart slugs
  An orc (D:3)
  7 bats
  9 endoplasms
  A giant cockroach (D:2)
  12 goblins
  4 hobgoblins
  10 jackals
  4 kobolds
  2 quokkas
  6 ball pythons
  7 frilled lizards
  6 rats
77 creatures vanquished.

Notes
Turn   | Place    | Note
-------+----------+-------------------------------------------
     0 | D:1      | Gabide the Draconian Monk began the quest for the Orb.
     0 | D:1      | Reached XP level 1. HP: 19/19 MP: 1/1
   352 | D:1      | Reached XP level 2. HP: 20/26 MP: 2/2
   883 | D:1      | Found Genu Veh's Distillery.
  1595 | D:1      | Reached XP level 3. HP: 33/33 MP: 3/3
  1809 | D:2      | Noticed Robin
  2231 | D:2      | Killed Robin
  2402 | D:2      | Reached XP level 4. HP: 16/40 MP: 4/4
  3011 | D:2      | Found a runed translucent door.
  3012 | D:2      | Noticed Crazy Yiuf
  3251 | D:2      | Killed Crazy Yiuf
  3559 | D:2      | Identified the +3 hammer "Qaefataa" {vorpal, rElec Str+2}
  3646 | D:3      | Reached XP level 5. HP: 47/47 MP: 5/5
  4221 | D:3      | Noticed Grinder
  4241 | D:3      | Killed from afar by Grinder

Illustrated notes

Levels and vault maps discovered:
D:1:      lightli_arrival_noodles, layout_loops_corners, serial_shops, shop,
          serial_co_window_serial, co_window_cross_1,
          co_window_of_opportunity_a, co_window_of_opportunity_a,
          co_window_of_opportunity_a, co_window_corner_a,
          co_window_of_opportunity_b, co_window_broadway_b,
          co_window_unsneaky_path_d, co_window_of_opportunity_b,
          co_window_broadway_a, co_window_of_opportunity_b,
          co_window_unsneaky_path_b, glass_columns_c, glass_columns_a
D:2:      layout_basic, uniq_crazy_yiuf_cottage, uniq_robin
D:3:      layout_basic, minivault_24, uniq_grinder

Skill      XL: |  1  2  3  4 |
---------------+-------------+-----
Dodging        | 3 |  3.3
Fighting       | 4 |  4.9
Unarmed Combat | 4 |  4.3
Stealth        | |  1.7

Action                   |  1- 3 |  4- 6 || total
-------------------------+-------+-------++-------
Melee: Unarmed           |    54 |       ||    54
       Tailslap          |    12 |     7 ||    19
       Punch             |     2 |     2 ||     4
       Dagger            |    65 |    93 ||   158
  Use: Potion            |     1 |     4 ||     5
       Scroll            |       |     7 ||     7
 Stab: Sleeping          |     1 |     5 ||     6
Armor: Skin              |    40 |    19 ||    59
Dodge: Dodged            |    78 |    54 ||   132
